 Dungeon Crawl Stone Soup version 0.27-a0-1105-g946c659c87 (webtiles) character file.

Game seed: 9859052432738068419

60 kae the Skirmisher (level 3, 0/43 HPs)
             Began as a Demonspawn Abyssal Knight on Apr 29, 2021.
             Was a Follower of Lugonu.
             Succumbed to an adder's poison
             ... on level 2 of the Dungeon.
             The game lasted 00:01:01 (2206 turns).

kae the Skirmisher (Demonspawn Abyssal Knight)      Turns: 2206, Time: 00:01:02

Health: 0/43       AC: 21    Str: 13    XL:     3   Next: 82%
Magic:  5/5        EV:  2    Int: 13    God:    Lugonu [*.....]
Gold:   42         SH:  0    Dex: 12    Spells: 2/2 levels left

rFire    . . .     SeeInvis .   a - +4 falchion
rCold    . . .     Faith    .   (no shield)
rNeg     + + +     Spirit   .   (armour currently unavailable)
rPois    +         Reflect  .   (helmet currently unavailable)
rElec    .         Harm     .   (cloak currently unavailable)
rCorr    .         Rampage  .   (gloves currently unavailable)
Will     .....     NoTele   +   (boots currently unavailable)
Stlth    +.........             (no amulet)
HPRegen  0.14/turn              (no ring)
MPRegen  0.09/turn              (no ring)

@: lethally poisoned (0 -> -3), tree-form
A: stationary, stasis, torment immunity, boosted hp, powered by pain 2
a: Renounce Religion, Depart the Abyss


You were on level 2 of the Dungeon.
You worshipped Lugonu.
Lugonu was aware of your devotion.
You were a tree.
You visited 1 branch of the dungeon, and saw 2 of its levels.
You visited the Abyss 1 time.

You collected 42 gold pieces.

Inventory:

Hand Weapons
 a - a +4 falchion (weapon)
Armour
 b - a +0 leather armour (melded)
Potions
 e - 3 potions of flight


   Skills:
 + Level 3.3 Fighting
 * Level 2.7 Long Blades
 + Level 2.3 Armour
 - Level 0.8 Dodging
 + Level 3.2 Invocations


You had 2 spell levels left.
You didn't know any spells.
Your spell library contained the following spells:

 Spells                   Type           Power      Damage    Failure   Level
 Summon Small Mammal      Summ           0%         N/A       30%         1
 Call Imp                 Summ           0%         N/A       43%         2
 Call Canine Familiar     Summ           0%         N/A       67%         3
 Summon Guardian Golem    Hex/Summ       0%         N/A       67%         3
 Summon Ice Beast         Ice/Summ       0%         N/A       97%         4
 Summon Lightning Spire   Summ/Air       0%         N/A       97%         4


Dungeon Overview and Level Annotations

Branches:
Dungeon (2/15)

Altars:
Sif Muna


Innate Abilities, Weirdness & Mutations

You are a tree.
Your roots penetrate the ground, keeping you stationary.
You cannot be teleported.
You are immune to unholy pain and torment.
Your maximum health is greatly increased.
Your equipment is partially melded.
You sometimes gain power by taking damage.


Message History

You barely miss the adder. The adder bites you but does no damage.
The adder bites you.
You are poisoned.
The adder poisons you!
There are monsters nearby!
You miss the adder.
You feel sick.
The endoplasm hits you but does no damage.
The adder closely misses you.
You riposte.
You closely miss the adder. The endoplasm hits you.
You barely miss the adder.
You feel sick. The adder closely misses you. The adder barely misses you.
The endoplasm freezes you.
You are frozen.
You are too injured to fight recklessly!
You are too injured to fight recklessly!
There are monsters nearby!
You are too injured to fight recklessly!
You are too injured to fight recklessly!
You are too injured to fight recklessly!
You are too injured to fight recklessly!
You slash the adder!
The adder is severely wounded.
You feel sick. The adder bites you.
You are more poisoned.
The adder poisons you! The endoplasm completely misses you.
You barely miss the adder.
The adder is severely wounded.
You feel sick. The adder bites you. The endoplasm hits you.
* * * LOW HITPOINT WARNING * * *
The adder barely misses you.
You completely miss the adder.
The adder is severely wounded.
* * * LOW HITPOINT WARNING * * *
You feel sick. The adder bites you.
* * * LOW HITPOINT WARNING * * *
The endoplasm hits you but does no damage.
It was a potion of lignification.
You turn into a tree.
Your +0 leather armour melds into your body.
Your roots penetrate the ground.
You die...

...................#
.....#.##...........
.....#.##...##...######.
.....#.##...............
.......##......#..(.....
.....#.........#........
..........>....#........
.....#.......)..........
................♣S......
.....##.###.....J.......
.....##.....##..........
........................
........................
........................
####.######.##..........
#.# #.##.......... #.#


You could see an adder and an endoplasm.

Vanquished Creatures
  2 adders (D:2)
  A dart slug (D:2)
  5 endoplasms (D:1)
  A giant cockroach (D:2)
  7 goblins
  5 hobgoblins
  2 kobolds (D:1)
  A quokka (D:2)
  3 ball pythons
  2 bats
  4 frilled lizards (D:1)
  4 rats
37 creatures vanquished.

Notes
Turn   | Place    | Note
-------+----------+-------------------------------------------
     0 | Abyss:1  | kae the Demonspawn Abyssal Knight began the quest for the
                  | Orb.
     0 | Abyss:1  | Reached XP level 1. HP: 18/18 MP: 2/2
    58 | Abyss:1  | Noticed a large abomination
    65 | Abyss:1  | Noticed a hellwing
    67 | Abyss:1  | Noticed a quasit
    70 | D:1      | Escaped the Abyss
   163 | D:1      | Found a faded altar of an unknown god.
   431 | D:1      | Gained mutation: You sometimes gain a little power by
                  | taking damage. [demonic ancestry]
   431 | D:1      | Reached XP level 2. HP: 24/24 MP: 4/4
  1347 | D:2      | Gained mutation: You sometimes gain power by taking damage.
                  | [demonic ancestry]
  1347 | D:2      | Reached XP level 3. HP: 23/29 MP: 5/5
  1541 | D:2      | Reached * piety under Lugonu
  2187 | D:2      | Found a shimmering blue altar of Sif Muna.
  2205 | D:2      | HP: 1/29 [adder (5)]
  2206 | D:2      | Succumbed to an adder's poison

Illustrated notes

Levels and vault maps discovered:
D:1:      nagdon_arrival_double_spiral, layout_basic,
          shapermc_ecumenical_altar_venn
D:2:      layout_basic, basic_altar, chequers_decorated_corner,
          small_statue_intersection, minmay_pentomino_r4

Skill      XL: |  1  2 |
---------------+-------+-----
Long Blades    | 2 |  2.7
Armour         | 2 |  2.3
Invocations    | 3 |  3.2
Fighting       | |  3.3
Dodging        | |  0.8

Action                   || total
-------------------------++-------
Melee: Falchion          ||   112
Invok: Depart the Abyss  ||     1
  Use: Scroll            ||     6
       Potion            ||     1
Armor: Leather armour    ||    28
Dodge: Dodged            ||    63
       Rpst.: Falchion   ||    17

Table legend: (Time is in decaauts)
 A = Elapsed time spent in this place.
 B = Non-inter-level travel time spent in this place.
 C = Inter-level travel time spent in this place.
 D = Time resting spent in this place.
 E = Time spent auto-exploring this place.
 F = Levels seen in this place.
 G = Mean time per level.
                   A        B        C        D        E       F      G
               +--------+--------+--------+--------+--------+-----+--------+
         Total |   2260 |   2234 |     26 |      0 |   1964 |   3 |  753.3 |
       Dungeon |   2190 |   2164 |     26 |      0 |   1907 |   2 | 1095.0 |
         Abyss |     70 |     70 |      0 |      0 |     57 |   1 |   70.0 |
               +--------+--------+--------+--------+--------+-----+--------+

Top non-repeatable levels by time:
     D:1: 1317 daAuts
     D:2: 873 daAuts
 Abyss:1: 70 daAuts
